Map: Simulacrum LE

Players

Ragnarok (SHIN) - Winner!

  • Race: Zerg Zerg
  • League: Grandmaster
  • Spawn Location: 11:00

lllllllllll (sOs)

  • Race: Protoss Protoss
  • League: Grandmaster
  • Spawn Location: 5:00

VOD

Have the link to the VOD?

Description

Time

  • Played on: Jan. 16, 2020, 4:23 a.m.
  • Length: 6:08
Show
View Real Time Build Order
Export as new Build Order

Ragnarok Zerg - Winner!

Build Orders: Hatch First 

Get SALT Encoding   

  12  0:00  Drone  
  13  0:12  Overlord  
  13  0:17  Drone  
  14  0:31  Drone x2  
  16  0:48  Hatchery  
  15  0:52  Drone  
  15  0:55  Drone  
  17  0:59  Drone  
  18  1:11  Extractor  
  18  1:14  Spawning Pool  
  18  1:17  Drone  
  17  1:20  Drone  
  18  1:29  Drone  
  19  1:39  Drone  
  20  1:51  Drone  
  20  1:53  Hatchery  
  20  2:01  Zergling x2  
  21  2:06  Queen  
  23  2:09  Drone  
  23  2:12  Drone  
  25  2:16  Drone  
  25  2:22  Overlord  
  26  2:29  Queen  
  28  2:34  Metabolic Boost  
  28  2:40  Zergling x2  
  28  2:41  Drone  
  28  2:42  Drone  
  31  2:49  Queen  
  33  2:53  Drone  
  33  2:54  Drone  
  33  2:56  Drone  
  36  3:02  Spore Crawler  
  36  3:06  Queen, Drone  
  36  3:08  Drone  
  36  3:11  Drone  
  41  3:14  Zergling x2  
  41  3:17  Overlord  
  42  3:25  Spore Crawler  
  41  3:31  Spore Crawler  
  41  3:34  Drone x2  
  42  3:36  Drone  
  42  3:38  Drone x5  
  48  3:45  Drone x2  
  50  3:54  Roach Warren, Overlord  
  50  4:01  Queen  
  50  4:07  Spore Crawler  
  49  4:10  Overlord  
  49  4:11  Drone  
  49  4:13  Drone  
  49  4:14  Drone x6  
  49  4:15  Drone  
  58  4:18  Spore Crawler  
  58  4:20  Overlord  
  57  4:24  Overlord  
  57  4:28  Overlord  
  57  4:31  Extractor  
  56  4:33  Drone x2  
  56  4:34  Extractor, Drone  
  58  4:45  Zergling x14  
  65  4:52  Overlord  
  65  5:01  Roach x4  
  65  5:02  Roach x2  
  65  5:03  Roach  
  78  5:07  Roach  
  78  5:10  Overlord  
  78  5:13  Zergling x6  
  83  5:19  Zergling x8  
  87  5:24  Ravager x3  
  87  5:25  Overlord  
  90  5:30  Zergling x10  
  90  5:35  Ravager x2  
  97  5:36  Zergling x2  
  97  5:37  Overlord  
  98  5:42  Overlord  
  98  5:47  Zergling x10  
  98  5:49  Ravager  
Show
View Real Time Build Order
Export as new Build Order

lllllllllll Protoss 

Build Orders: 1 Gate Expand, Oracle Opening 

Get SALT Encoding   

  12  0:00  Probe  
  13  0:12  Probe  
  14  0:18  Pylon  
  14  0:25  Probe (Chrono Boost)  
  15  0:37  Probe (Chrono Boost)  
  15  0:40  Gateway  
  16  0:45  Probe (Chrono Boost)  
  16  0:47  Assimilator  
  17  0:51  Probe  
  18  1:03  Probe  
  19  1:15  Probe  
  20  1:24  Nexus  
  20  1:35  Cybernetics Core  
  20  1:37  Probe  
  21  1:44  Assimilator  
  21  1:49  Probe  
  21  1:53  Pylon  
  22  2:01  Probe  
  23  2:09  Adept (Chrono Boost)  
  23  2:15  Probe  
  26  2:16  Stargate  
  26  2:27  Warp Gate  
  26  2:28  Probe (Chrono Boost)  
  27  2:31  Adept  
  29  2:37  Probe (Chrono Boost)  
  29  2:40  Probe (Chrono Boost)  
  31  2:47  Probe (Chrono Boost)  
  31  2:48  Probe (Chrono Boost)  
  33  2:52  Probe (Chrono Boost)  
  33  2:54  Probe  
  35  3:00  Oracle (Chrono Boost)  
  38  3:07  Probe x2, Stalker  
  42  3:13  Pylon  
  42  3:17  Assimilator  
  42  3:22  Probe x2  
  44  3:30  Gateway  
  44  3:33  Oracle (Chrono Boost)  
  44  3:36  Probe x2  
  49  3:45  Pylon  
  49  3:50  Probe x2  
  49  3:53  Twilight Council  
  51  4:03  Probe x2  
  50  4:15  Probe x2  
  50  4:16  Stalker  
  54  4:19  Nexus  
  54  4:22  Pylon, Blink (Chrono Boost)  
  54  4:26  Stalker  
  56  4:32  Probe  
  56  4:34  Probe  
  56  4:37  Assimilator  
  58  4:41  Pylon  
  58  4:46  Probe x2  
  58  4:51  Stalker x2  
  64  4:57  Forge  
  64  4:58  Probe  
  65  5:03  Probe  
  66  5:10  Probe  
  67  5:14  Stalker x2  
  67  5:15  Probe  
  67  5:18  Assimilator  
  72  5:21  Assimilator  
  72  5:22  Probe  
  72  5:27  Probe (Chrono Boost)  
  74  5:33  Photon Cannon  
  74  5:35  Probe (Chrono Boost)  
  76  5:37  Templar Archives  
  76  5:39  Probe x2 (Chrono Boost)  
  77  5:46  Probe (Chrono Boost), Gateway  
  77  5:48  Probe (Chrono Boost)  
  77  5:49  Probe (Chrono Boost)  
  80  5:55  Gateway  
  80  5:57  Pylon  
Tags
 
Add a new tag
Caveats
  • Supply blocks, unpowered buildings, or Contaminate may cause inaccurate times.
  • Supply counts are checked every 10 seconds.